AoeStats
← naphtaligrauer16

Glade

510625179Analyzed
1v1 RM · 1d ago on Oct 1, 2026· 54m 29s· 2 players
Game mode
Random Map
Map size
Tiny (2 player)
Population
200
Speed
Normal
Resources
Standard
Victory
Conquest
Starting age
Dark Age
Ending age
Imperial Age
RankedLock teamsTeams togetherTeam positionsShared explorationLock speedFull tech treeHidden civsTurbo modeCheats
Victory
Defeat
🇩🇪 Mongols · Germany
1511
+17
🇷🇺 Khitans · Russia
1537
-17
naphtaligrauer16
9:08 Feudal Age
9:54 Double-Bit Axe
11:03 Horse Collar
12:56 Loom
16:41 Castle Age
18:41 Wheelbarrow
18:29 Fletching
18:53 Scale Barding Armor
30:40 Town Watch
32:22 Fletching
32:33 Padded Archer Armor
33:11 Bodkin Arrow
34:08 Chain Barding Armor
33:59 Forging
34:04 Leather Archer Armor
34:20 Bloodlines
35:10 Ballistics
35:00 Husbandry
37:37 Nomads
39:03 Iron Casting
44:09 Imperial Age
42:19 Heavy Plow
42:31 Bow Saw
42:15 Gold Mining
42:15 Stone Mining
43:20 Hand Cart
43:06 Town Patrol
44:11 Onager
46:00 Chemistry
45:16 Bracer
45:43 Drill
45:03 Elite Mangudai
46:29 Siege Engineers
47:13 Siege Onager
48:33 Capped Ram
50:02 Siege Ram
52:52 Light Cavalry
53:51 Heavy Scorpion
boomer2000
10:27 Loom
12:13 Feudal Age
14:20 Man-at-Arms
14:52 Double-Bit Axe
16:58 Domestication
21:34 Castle Age
23:14 Pastoralism
23:53 Wheelbarrow
23:30 Bow Saw
25:38 Gold Mining
25:38 Stone Mining
34:21 Imperial Age
33:29 Hand Cart
32:48 Light Cavalry
33:29 Husbandry
33:44 Scale Barding Armor
33:49 Forging
33:31 Fletching
34:45 Capped Ram
36:12 Scale Mail Armor
36:33 Chain Barding Armor
36:15 Scale Mail Armor
36:17 Pikeman
36:58 Squires
38:37 Transhumance
38:44 Ballistics
40:17 Elite Skirmisher
40:54 Bodkin Arrow
41:58 Padded Archer Armor
42:08 Bracer
42:10 Heavy Rocket Cart
44:02 Leather Archer Armor
45:55 Chemistry
Connection lost

Rejoining the realm…

Still unreachable

The connection could not be restored.

Session expired

The server has moved on; the page needs a fresh start.